 Dungeon Crawl Stone Soup version 0.26-a0-818-g75db068ed4 (console) character file.

Game seed: 14005786445779279701

6083 jejorda2 the Cleaver (level 10, -10/138 HPs)
             Began as a Palentonga Berserker on Nov 14, 2020.
             Was a High Priest of Trog.
             Mangled by Snorg (17 damage)
             ... on level 10 of the Dungeon.
             The game lasted 00:27:09 (10781 turns).

jejorda2 the Cleaver (Palentonga Berserker)        Turns: 10781, Time: 00:27:10

Health: -10/138    AC: 21    Str: 20    XL:     10   Next: 58%
Magic:  10/10      EV: 12    Int:  9    God:    Trog [*****.]
Gold:   649        SH:  0    Dex: 14    Spells: 9/9 levels left

rFire    . . .     SeeInvis +   a - +0 battleaxe
rCold    . . .     Faith    +   (shield currently unavailable)
rNeg     . . .     Spirit   .   y - +1 chain mail "Egrueps" {MR+ rCorr Dex+2}
rPois    .         Reflect  .   J - +1 hat
rElec    .         Harm     .   p - +0 cloak
rCorr    +         Rampage  .   k - +2 pair of gloves
MR       +....                  (no barding)
Stlth    ..........             H - amulet of faith
HPRegen  0.33/turn              K - +4 ring of evasion
MPRegen  0.12/turn              (no ring)

@: berserking, curled up, very quick
A: large, rugged brown scales 3, see invisible, deformed body, roll 1, armoured
tail, reflexive curl
a: Rolling Charge, Berserk, Trog's Hand, Brothers in Arms, Renounce Religion


You were on level 10 of the Dungeon.
You worshipped Trog.
Trog was extremely pleased with you.
You visited 2 branches of the dungeon, and saw 11 of its levels.

You collected 649 gold pieces.

Inventory:

Hand Weapons
 a - a +0 battleaxe (weapon)
 e - a +0 dire flail
 f - a +2 executioner's axe
Missiles
 q - 4 atropa-tipped darts
 s - 11 boomerangs (quivered)
 A - 2 throwing nets
 C - 3 javelins
Armour
 k - a +2 pair of gloves (worn)
 p - a +0 cloak (worn)
 y - the +1 chain mail "Egrueps" (worn) {MR+ rCorr Dex+2}
   (You found it on level 7 of the Dungeon)

   It affects your dexterity (+2).
   It affects your resistance to hostile enchantments.
   It provides partial protection from all sources of acid and corrosion.
 J - a +1 hat (worn)
Jewellery
 z - an uncursed ring of ice
 H - an amulet of faith (around neck)
 K - a +4 ring of evasion (left hand)
Wands
 o - a wand of random effects (6)
 x - a wand of flame (98)
 F - a wand of iceblast (17)
 I - a wand of polymorph (9)
Scrolls
 c - 4 scrolls of enchant weapon
 d - 2 scrolls of teleportation
 l - 5 scrolls of remove curse
 t - 6 scrolls of magic mapping
 u - 3 scrolls of identify
 B - a scroll of enchant armour
 G - a scroll of fog
Potions
 b - a potion of brilliance {unknown}
 g - a potion of mutation {unknown}
 h - 4 potions of haste {unknown}
 i - 4 potions of heal wounds {unknown}
 j - 4 potions of lignification
 m - 2 potions of might {unknown}
 n - 9 potions of curing
 r - a potion of cancellation {unknown}
 v - 4 potions of degeneration {unknown}
 w - 2 potions of magic
 D - 2 potions of berserk rage
 E - 3 potions of attraction


   Skills:
 + Level 7.0 Fighting
 * Level 11.6 Axes
 - Level 4.0 Armour
 - Level 6.0 Dodging
 - Level 4.0 Evocations


You had 9 spell levels left.
You didn't know any spells.
Your spell library was empty.

Dungeon Overview and Level Annotations

Branches:
Dungeon (10/15)            Temple (1/1) D:6            Lair (0/6) D:8
    Orc (0/2) D:10

Altars:
Ashenzari
Fedhas
Qazlal
Sif Muna
Wu Jian
Xom

Shops:
D:6 *   D:7 :

Annotations:
D:10 Snorg


Innate Abilities, Weirdness & Mutations

You are completely covered in rugged brown scales. (AC +3, +7% HP)
You have supernaturally acute eyesight. (SInv)
Armour fits poorly on your strangely shaped body.
You can roll at nearby foes to attack.
You have a long armoured tail.
You curl defensively after being hit.


Message History

* * * LOW HITPOINT WARNING * * *
Snorg claws you!
* * * LOW HITPOINT WARNING * * *
Snorg claws you!
* * * LOW HITPOINT WARNING * * *
You slash Snorg! You tail-slap Snorg!
Snorg is severely wounded.
Snorg closely misses you. Snorg claws you.
* * * LOW HITPOINT WARNING * * *
Snorg claws you but does no damage.
Unknown command.
You closely miss Snorg.
Snorg is severely wounded.
Snorg closely misses you. Snorg claws you but does no damage. Snorg claws you.
* * * LOW HITPOINT WARNING * * *
Unknown command.
You slice Snorg!! You tail-slap Snorg!
Snorg is almost dead.
Snorg misses you. Snorg claws you!
You die...

...# ...# ...#
#####+#### ...#
.........#
...####.+.........#
........#.........#
...######.........#
...# ...<...T.#
#.## #@# #.# #.#
..# #######'## .##
#........# ####
#........# ...###
#........# ...'.###
#.......[#
...#...###........#
...###...'........#


You could see Snorg (berserk).

Vanquished Creatures
  Pikel (D:4)
  A troll (D:9)
  5 yaks (D:9)
  8 orc warriors
  4 ice beasts
  2 sky beasts
  A phantom (D:4)
  A black bear (D:8)
  2 ogres
  4 centaurs
  2 big kobolds
  6 bullfrogs
  3 scorpions
  A water moccasin skeleton (D:8)
  A bullfrog zombie (D:4)
  A quasit (D:7)
  2 centaur zombies
  2 hounds
  12 orc wizards
  2 jellies
  A bullfrog skeleton (D:6)
  4 orc priests
  Jessica (D:3)
  A centaur skeleton (D:10)
  Ijyb (D:5)
  12 worker ants
  2 ogre zombies (D:10)
  A hound zombie (D:4)
  A hound skeleton (D:6)
  A worker ant zombie (D:6)
  4 gnolls
  A howler monkey skeleton (D:10)
  10 adders
  3 shadow imps
  4 white imps
  3 adder skeletons
  2 worms
  5 dart slugs
  7 leopard geckos
  28 orcs
  5 giant cockroaches
  11 goblins
  10 hobgoblins
  4 jackals
  A quokka (D:6)
  3 bats
  A frilled lizard (D:2)
  A goblin skeleton (D:10)
  A goblin zombie (D:10)
  A hobgoblin skeleton (D:10)
  10 kobolds
  A leopard gecko skeleton (D:6)
  A leopard gecko zombie (D:4)
  An orc skeleton (D:10)
  2 orc zombies (D:10)
  2 quokka skeletons
  7 rats
215 creatures vanquished.

Vanquished Creatures (collateral kills)
  Harold (D:10)
  A shadow (D:10)
  2 phantoms (D:10)
  An orc wizard (D:10)
  4 ogre zombies (D:10)
  An orc (D:10)
  A hobgoblin skeleton (D:10)
  4 hobgoblin zombies (D:10)
  An orc skeleton (D:10)
  7 orc zombies (D:10)
23 creatures vanquished.

Vanquished Creatures (others)
  4 fungi (D:8)
  6 plants (D:8)
  4 withered plants (D:4)
14 creatures vanquished.

Grand Total: 252 creatures vanquished

Notes
Turn   | Place    | Note
-------+----------+-------------------------------------------
     0 | D:1      | jejorda2 the Palentonga Berserker began the quest for the
                  | Orb.
     0 | D:1      | Reached XP level 1. HP: 20/20 MP: 1/1
   361 | D:1      | Reached XP level 2. HP: 25/27 MP: 2/2
   882 | D:1      | Found a broken altar of Ashenzari.
  1351 | D:2      | Reached XP level 3. HP: 33/33 MP: 3/3
  1588 | D:2      | Reached ** piety under Trog
  2084 | D:3      | Noticed Jessica
  2086 | D:3      | Killed Jessica
  2087 | D:3      | Reached XP level 4. HP: 40/40 MP: 4/4
  2148 | D:3      | Reached skill level 4 in Axes
  2172 | D:3      | Noticed an orc warrior
  2183 | D:3      | Killed an orc warrior
  2184 | D:3      | Reached XP level 5. HP: 20/49 MP: 1/5
  3021 | D:4      | Noticed Pikel
  3021 | D:4      | Noticed a lemure
  3021 | D:4      | Noticed a lemure
  3021 | D:4      | Noticed a lemure
  3039 | D:4      | Killed Pikel
  3040 | D:4      | Reached skill level 5 in Axes
  3040 | D:4      | Reached XP level 6. HP: 56/56 MP: 6/6
  3040 | D:4      | Gained mutation: You curl defensively after being hit.
                  | [Palentonga growth]
  3040 | D:4      | Reached XP level 7. HP: 64/64 MP: 7/7
  3396 | D:4      | Reached skill level 6 in Axes
  3448 | D:4      | Reached *** piety under Trog
  3649 | D:4      | Reached skill level 5 in Fighting
  4251 | D:4      | Reached XP level 8. HP: 54/72 MP: 8/8
  4529 | D:5      | Entered Level 5 of the Dungeon
  4529 | D:5      | Noticed Ijyb
  4541 | D:5      | Killed Ijyb
  5037 | D:5      | Reached skill level 7 in Axes
  6070 | D:6      | Found a staircase to the Ecumenical Temple.
  6145 | D:6      | Reached skill level 8 in Axes
  6147 | D:6      | Reached **** piety under Trog
  6361 | D:6      | Reached XP level 9. HP: 74/80 MP: 9/9
  6500 | Temple   | Entered the Ecumenical Temple
  6963 | D:6      | Reached skill level 5 in Dodging
  6983 | D:6      | Reached skill level 9 in Axes
  7189 | D:6      | Found Racor's General Store.
  7952 | D:7      | Reached skill level 1 in Evocations
  7963 | D:7      | Reached ***** piety under Trog
  8196 | D:7      | Got a buzzing chain mail
  8243 | D:6      | Identified the +1 chain mail "Egrueps" {MR+ rCorr Dex+2}
                  | (You found it on level 7 of the Dungeon)
  8264 | D:7      | Reached skill level 10 in Axes
  8295 | D:7      | Found Vuihuz's Book Shoppe.
  8813 | D:8      | Found a blossoming altar of Fedhas.
  8818 | D:8      | Found a shimmering blue altar of Sif Muna.
  8819 | D:8      | Reached XP level 10. HP: 88/88 MP: 10/10
  8828 | D:8      | Found a shimmering altar of Xom.
  8946 | D:8      | Found a shimmering altar of Xom.
  8946 | D:8      | Found a shimmering altar of Xom.
  8948 | D:8      | Found a shimmering altar of Xom.
  8950 | D:8      | Found a shimmering altar of Xom.
  8956 | D:8      | Found a shimmering altar of Xom.
  9140 | D:8      | Found a staircase to the Lair.
  9413 | D:8      | Noticed a guardian serpent
  9413 | D:8      | a yaktaur changed into a guardian serpent
  9437 | D:9      | Found a stormy altar of Qazlal.
  9545 | D:9      | Received a gift from Trog
  9546 | D:9      | Reached skill level 11 in Axes
 10235 | D:10     | Entered Level 10 of the Dungeon
 10347 | D:10     | Noticed Harold
 10354 | D:10     | Killed Harold
 10382 | D:10     | Found a staircase to the Orcish Mines.
 10616 | D:10     | Found a blossoming altar of Fedhas.
 10771 | D:10     | Noticed Snorg
 10781 | D:10     | Mangled by Snorg

Illustrated notes

Levels and vault maps discovered:
D:1:      sevenhm_arrival_forest_fort_small_3, layout_loops_corners,
          chequers_garden, nicolae_ashenzari_panopticon
D:2:      layout_basic, minmay_misc_feat_roman
D:3:      layout_basic, uniq_jessica
D:4:      layout_loops_corners, serial_undead, serial_undead_d, serial_undead_f,
          serial_undead_b, serial_undead_c, minmay_goblin_outpost, uniq_pikel
D:5:      layout_basic, uniq_ijyb
D:6:      layout_basic, minmay_temple_entry_waves, serial_shops,
          nicolae_shop_crystal, serial_curves, eino_curves_04, eino_curves_01,
          minmay_tree_intersection, minmay_pentangle
D:7:      layout_cave_pools, serial_shops, nicolae_shop_stone
D:8:      layout_loops_cross, minmay_overflow_temple_star_quad,
          grunt_lair_entry_orc_guard_hut, xom_shifter_show
D:9:      layout_basic, nicolae_qazlal_general_emergency
D:10:     layout_roguey, zombieorc1_lemuel, basic_altar, uniq_harold, uniq_snorg
Temple:   dpeg_five_rooms_temple

Skill      XL: |  1  2  3  4  5  6  7  8  9 10 |
---------------+-------------------------------+-----
Armour         | 2 3 4 |  4.0
Dodging        | 2 3 4 6 |  6.0
Axes           | 4 5 6 8 10 11 | 11.6
Fighting       | 4 5 6 7 |  7.0
Evocations     | 2 4 |  4.0

Action                   |  1- 3 |  4- 6 |  7- 9 | 10-12 || total
-------------------------+-------+-------+-------+-------++-------
Melee: Hand axe          |   103 |    57 |   318 |       ||   478
       Tailslap          |     8 |     6 |    66 |    25 ||   105
       Battleaxe         |       |       |   146 |   112 ||   258
       War axe           |       |       |    38 |       ||    38
Throw: Boomerang         |       |       |     4 |       ||     4
Invok: Berserk           |       |     2 |     8 |     3 ||    13
       Trog's Hand       |       |       |     2 |       ||     2
       Brothers in Arms  |       |       |       |     1 ||     1
 Abil: Rolling Charge    |     4 |     3 |    19 |     1 ||    27
  Use: Scroll            |       |       |    20 |       ||    20
Armor: Animal skin       |     2 |       |       |       ||     2
       Ring mail         |    37 |    22 |    86 |       ||   145
       Chain mail        |       |       |   164 |    50 ||   214
Dodge: Dodged            |    44 |    27 |   202 |    39 ||   312

Table legend: (Time is in decaauts)
 A = Elapsed time spent in this place.
 B = Non-inter-level travel time spent in this place.
 C = Inter-level travel time spent in this place.
 D = Time resting spent in this place.
 E = Time spent auto-exploring this place.
 F = Levels seen in this place.
 G = Mean time per level.
                   A        B        C        D        E       F      G
               +--------+--------+--------+--------+--------+-----+--------+
         Total |  10928 |  10411 |    517 |    837 |   7868 |  11 |  993.5 |
       Dungeon |  10628 |  10137 |    491 |    837 |   7595 |  10 | 1062.8 |
        Temple |    299 |    273 |     26 |      0 |    272 |   1 |  299.0 |
               +--------+--------+--------+--------+--------+-----+--------+

Top non-repeatable levels by time:
     D:4: 1925 daAuts
     D:6: 1735 daAuts
     D:2: 1261 daAuts
     D:1: 1022 daAuts
     D:5: 1018 daAuts
     D:8: 929 daAuts
     D:9: 819 daAuts
     D:3: 710 daAuts
     D:7: 656 daAuts
    D:10: 549 daAuts
  Temple: 299 daAuts
